Map: Apotheosis LE

Players

IlIlllIlIIlI

  • Race: Terran Terran
  • League: Grandmaster

NORTHAMERICA - Winner!

  • Race: Protoss Protoss
  • League: Master

VOD

Have the link to the VOD?

Description

Time

  • Played on: Aug. 30, 2016, 2:49 a.m.
  • Length: 10:40
Show
View Real Time Build Order
Export as new Build Order

IlIlllIlIIlI Terran 

Build Orders: Cyclone Opening 

Get SALT Encoding   

  12  0:00  SCV  
  13  0:12  SCV  
  14  0:17  Supply Depot  
  14  0:25  SCV  
  14  0:27  Refinery  
  15  0:39  SCV  
  16  0:44  Barracks  
  16  0:52  Refinery  
  16  0:55  SCV  
  17  1:07  SCV  
  18  1:21  SCV  
  19  1:32  Marine  
  20  1:33  Orbital Command  
  20  1:39  Factory  
  20  1:50  Supply Depot  
  20  1:56  Barracks Tech Lab  
  20  1:59  SCV  
  21  2:08  Factory  
  21  2:12  SCV  
  22  2:26  Barracks Reactor  
  22  2:27  SCV  
  23  2:30  Cyclone  
  27  2:37  Supply Depot  
  27  2:39  SCV  
  27  2:43  Mag-Field Accelerator  
  28  2:53  SCV  
  28  2:57  Supply Depot  
  29  3:02  Cyclone  
  33  3:08  Widow Mine  
  33  3:10  Widow Mine  
  37  3:19  Supply Depot  
  37  3:23  SCV  
  38  3:34  Cyclone  
  38  3:41  Widow Mine x2  
  42  3:43  Supply Depot  
  42  3:46  SCV  
  47  4:06  Cyclone  
  47  4:09  Widow Mine x2  
  55  4:33  Bunker  
  55  4:41  Cyclone, Widow Mine x2  
  62  5:19  Cyclone, Widow Mine x2, Supply Depot  
  64  5:39  SCV  
  61  5:51  SCV  
  49  6:06  SCV  
  49  6:08  Cyclone, Widow Mine x2  
  55  6:21  SCV  
  56  6:26  Supply Depot  
  56  6:35  SCV  
  56  6:38  Barracks  
  48  6:56  Cyclone, Widow Mine x2  
  55  7:08  Command Center  
  54  7:14  SCV  
  55  7:26  SCV  
  55  7:29  Cyclone  
  60  7:34  Widow Mine  
  62  7:40  SCV  
  63  7:52  Factory  
  63  7:53  SCV  
  68  8:05  Cyclone  
  68  8:09  SCV  
  65  8:21  Widow Mine  
  65  8:22  Widow Mine  
  69  8:36  SCV  
  69  8:37  Orbital Command  
  69  8:39  Factory Tech Lab  
  70  8:46  Cyclone  
  74  8:57  Widow Mine  
  74  8:58  Widow Mine  
  74  8:59  SCV  
  79  9:07  SCV  
  80  9:11  SCV  
  60  9:20  Cyclone x2  
  68  9:26  SCV x2  
  64  9:35  Widow Mine x2  
  66  9:44  SCV x2  
  61  9:55  Cyclone  
  65  10:00  Cyclone  
  69  10:09  Widow Mine x2  
  69  10:12  SCV x2  
  75  10:18  Refinery  
  75  10:24  SCV x2  
Show
View Real Time Build Order
Export as new Build Order

NORTHAMERICA Protoss - Winner!

Build Orders: 1 Gate Expand 

Get SALT Encoding   

  12  0:01  Probe (Chrono Boost)  
  13  0:11  Probe (Chrono Boost)  
  14  0:18  Pylon  
  14  0:22  Probe (Chrono Boost)  
  15  0:36  Probe (Chrono Boost)  
  15  0:38  Gateway  
  16  0:47  Probe (Chrono Boost)  
  17  0:51  Assimilator  
  17  0:57  Probe (Chrono Boost)  
  18  1:08  Probe (Chrono Boost)  
  19  1:20  Nexus  
  19  1:25  Probe (Chrono Boost)  
  20  1:34  Cybernetics Core  
  21  1:42  Assimilator  
  21  1:44  Probe (Chrono Boost)  
  21  1:55  Probe (Chrono Boost)  
  21  1:56  Pylon  
  21  1:57  Warp Gate  
  22  2:06  Probe (Chrono Boost)  
  23  2:14  Adept  
  25  2:18  Probe (Chrono Boost)  
  26  2:24  Robotics Facility  
  27  2:30  Probe (Chrono Boost)  
  27  2:35  Probe (Chrono Boost)  
  28  2:42  Mothership Core (Chrono Boost)  
  30  2:47  Probe (Chrono Boost)  
  31  2:54  Gateway  
  31  3:00  Gateway  
  31  3:01  Probe (Chrono Boost)  
  33  3:07  Probe (Chrono Boost)  
  33  3:10  Observer  
  33  3:11  Stalker  
  36  3:21  Pylon  
  36  3:25  Probe (Chrono Boost)  
  37  3:29  Immortal  
  40  3:38  Probe (Chrono Boost)  
  42  3:42  Probe (Chrono Boost)  
  42  3:49  Probe (Chrono Boost)  
  43  4:00  Stalker x2  
  43  4:01  Stalker  
  43  4:02  Pylon  
  49  4:05  Probe (Chrono Boost)  
  49  4:08  Immortal  
  54  4:20  Pylon  
  50  4:31  Stalker  
  52  4:39  Stalker x2  
  52  4:42  Warp Prism  
  52  4:59  Gateway  
  52  5:02  Pylon  
  52  5:05  Stalker x3  
  54  5:17  Pylon  
  53  5:22  Probe (Chrono Boost)  
  53  5:33  Stalker x2  
  57  5:36  Stalker  
  59  5:49  Immortal  
  61  6:05  Zealot  
  61  6:06  Zealot x2  
  61  6:11  Probe (Chrono Boost)  
  68  6:13  Probe (Chrono Boost)  
  68  6:15  Assimilator  
  68  6:17  Assimilator  
  69  6:21  Probe (Chrono Boost)  
  70  6:27  Probe (Chrono Boost), Twilight Council  
  70  6:29  Nexus  
  70  6:30  Observer  
  73  6:33  Probe (Chrono Boost)  
  73  6:38  Probe (Chrono Boost)  
  66  6:54  Stalker x2  
  66  6:55  Stalker  
  66  6:57  Adept  
  66  6:59  Probe (Chrono Boost)  
  75  7:04  Probe (Chrono Boost)  
  75  7:08  Gateway  
  70  7:09  Gateway  
  70  7:11  Probe (Chrono Boost)  
  75  7:19  Robotics Bay  
  75  7:21  Probe (Chrono Boost)  
  72  7:27  Adept x3  
  78  7:31  Warp Prism, Blink  
  78  7:34  Pylon  
  78  7:43  Stalker  
  80  7:53  Stalker  
  80  7:55  Stalker  
  84  8:07  Adept x2  
  84  8:12  Pylon  
  88  8:15  Disruptor  
  86  8:25  Probe (Chrono Boost)  
  84  8:34  Probe (Chrono Boost)  
  84  8:35  Adept x2  
  84  8:36  Adept x3  
  84  8:40  Probe (Chrono Boost), Pylon  
  95  8:43  Probe (Chrono Boost)  
  96  8:48  Observer  
  97  8:56  Stalker x4  
  97  9:02  Pylon  
  105  9:04  Pylon  
  105  9:13  Disruptor  
  100  9:20  Stalker  
  100  9:23  Probe (Chrono Boost)  
  103  9:33  Assimilator, Stalker x2  
  103  9:34  Probe (Chrono Boost), Stalker x2  
  103  9:35  Assimilator  
  102  9:49  Probe (Chrono Boost)  
  102  9:50  Stalker x2  
  103  9:54  Probe (Chrono Boost)  
  103  9:55  Probe (Chrono Boost)  
  105  10:03  Probe (Chrono Boost)  
  106  10:10  Stalker x3  
  106  10:11  Nexus, Pylon, Stalker  
Tags
 
Add a new tag
Caveats
  • Supply blocks, unpowered buildings, or Contaminate may cause inaccurate times.
  • Supply counts are checked every 10 seconds.